 Dungeon Crawl Stone Soup version 0.20.1-1-g8b1a95d (webtiles) character file.

555 Meenos the Skirmisher (level 7, -4/60 HPs)
             Began as a Hill Orc Skald on Nov 17, 2017.
             Was an Initiate of Qazlal.
             Killed by divine providence
             ... invoked by an orc priest
              (15 damage)
             ... on level 5 of the Dungeon on Nov 18, 2017.
             The game lasted 00:49:37 (4159 turns).

Meenos the Skirmisher (Hill Orc Skald)              Turns: 4159, Time: 00:49:37

Health: -4/60      AC:  4    Str: 14    XL:     7   Next: 30%
Magic:  9/9        EV: 12    Int: 13    God:    Qazlal [......]
Gold:   144        SH:  0    Dex: 15    Spells: 5/9 levels left

rFire    . . .     SeeInvis .   q - +0 dagger (drain)
rCold    + . .     Gourm    .   (no shield)
rNeg     . . .     Faith    .   I - +1 robe of the Devil's Team {-Tele +Inv Dex+3}
rPois    .         Spirit   .   (no helmet)
rElec    .         Reflect  .   (no cloak)
rCorr    .         Harm     .   K - +0 pair of gloves
MR       .....     NoTele   +   (no boots)
Stlth    +.........             (no amulet)
Regen    0.2/turn               o - ring of protection from cold
MPRegen  0.2/turn               (no ring)

@: no status effects
A: no striking features
a: Renounce Religion, Convert to Beogh, Evoke Invisibility


You were on level 5 of the Dungeon.
You worshipped Qazlal.
Qazlal was noncommittal.
You were not hungry.

You visited 1 branch of the dungeon, and saw 5 of its levels.

You collected 144 gold pieces.

Inventory:

Hand Weapons
 a - a +0 hand axe
 b - a +0 fustibalus
 q - a +0 dagger of draining (weapon)
 G - a +0 dagger of speed
 N - a +0 dagger of holy wrath
Missiles
 f - 12 sling bullets
 j - 109 stones (quivered)
 l - 37 bolts
 w - 2 throwing nets
 y - 4 exploding tomahawks
 H - 5 tomahawks
 M - 4 tomahawks of returning
Armour
 t - a +0 scale mail
 u - a +0 plate armour
 F - a +0 chain mail
 I - the +1 robe of the Devil's Team (worn) {-Tele +Inv Dex+3}
   (You found it on level 4 of the Dungeon)

   It affects your dexterity (+3).
   It lets you turn invisible.
   It prevents most forms of teleportation.
 K - a +0 pair of gloves (worn)
 L - a +3 leather armour
Jewellery
 o - a ring of protection from cold (left hand)
Scrolls
 e - 4 scrolls of identify {unknown}
 g - 5 scrolls of magic mapping {unknown}
 h - a scroll of random uselessness {unknown}
 k - 5 scrolls of remove curse {unknown}
 m - a scroll of immolation {unknown}
 D - a scroll of blinking {unknown}
 Q - a scroll of noise {unknown}
 R - a scroll of recharging {unknown}
Potions
 i - a potion of haste {unknown}
 p - a potion of invisibility {unknown}
 r - 3 potions of curing {unknown}
 s - 2 potions of brilliance {unknown}
 v - a potion of flight {unknown}
 A - 2 potions of lignification {unknown}
 B - 2 potions of heal wounds {unknown}
 C - a potion of berserk rage {unknown}
 E - 2 potions of agility {unknown}
 J - a potion of resistance {unknown}
 P - a potion of degeneration {unknown}
Books
 c - a book of Battle

   Spells                             Type                      Level
   a - Infusion                       Charms                       1
   b - Shroud of Golubria             Charms/Translocation         2
   c - Song of Slaying                Charms                       2
   d - Spectral Weapon                Hexes/Charms                 3
   e - Regeneration                   Charms/Necromancy            3
 x - a book of Changes

   Spells                             Type                      Level
   a - Beastly Appendage              Transmutation                1
   b - Sticks to Snakes               Transmutation                2
   c - Spider Form                    Transmutation/Poison         3
   d - Ice Form                       Ice/Transmutation            4
   e - Blade Hands                    Transmutation                5
 z - Vehumet's Collected Works on Conjuration
   (You found it on level 3 of the Dungeon)

   Spells                             Type                      Level
   a - Magic Dart                     Conjuration                  1
Comestibles
 d - 5 bread rations
 n - 2 royal jellies
 O - 2 meat rations


   Skills:
 + Level 4.8 Fighting
 - Level 2.6 Axes
 * Level 4.4 Slings
 - Level 1.1 Armour
 - Level 1.5 Dodging
 - Level 1.5 Spellcasting
 + Level 4.7 Charms


You had 5 spell levels left.
You knew the following spells:

 Your Spells              Type           Power        Failure   Level  Hunger
a - Infusion              Chrm           ##..         3%          1    ##.....
b - Spectral Weapon       Hex/Chrm       #.......     30%         3    ####...


Dungeon Overview and Level Annotations

Branches:
Dungeon (5/15)
 Temple: D:4-7

Altars:
Fedhas
Gozag
Kikubaaqudgha
Qazlal
Sif Muna
Vehumet

Annotations:
D:2 exclusion: oklob plant


Message History

The orc priest completely misses you.
You hit the orc priest.
The orc priest is heavily wounded.
The orc priest shouts, "Beogh is our master!
Accept the truth or die!"
The orc priest completely misses you.
The crimson imp blinks!
You barely miss the orc priest.
The orc priest is heavily wounded.
The orc priest barely misses you.
The crimson imp blinks!
You hit the orc priest but do no damage.
The orc priest is heavily wounded.
The orc priest misses you.
You completely miss the orc priest.
The orc priest is heavily wounded.
The orc priest barely misses you.
You closely miss the orc priest.
The orc priest is heavily wounded.
The crimson imp blinks!
The orc priest calls down the wrath of Beogh upon you.
Beogh smites you!
You die...

#.# ##.####.##.#
#(# #.##.# #.#
#.##.# #>#
.#...# #.# #
#### #.#######
#.5.(((..
.########.(#
####
.......@o..#
.....
.....####§####
#####
.............# .
...####.####
.#####.## .# #
§(.......# _..#
.(#####..# .#.#
#..### ...#####
#....###.###....


You could see an orc priest and a crimson imp.

Vanquished Creatures
  An ogre (D:5)
  A scorpion (D:5)
  A crimson imp (D:5)
  4 orc priests
  2 hounds
  Jessica (D:3)
  Terence (D:2)
  2 worker ants
  3 adders
  4 worms
  A leopard gecko (D:2)
  8 orcs
  8 bats
  A giant cockroach (D:1)
  6 goblins
  3 hobgoblins
  10 jackals
  A quokka (D:2)
  A ball python (D:3)
  6 kobolds
  2 leopard gecko skeletons
  9 rats
  A plant (D:2)
77 creatures vanquished.

Notes
Turn   | Place    | Note
-------+----------+-------------------------------------------
     0 | D:1      | Meenos the Hill Orc Skald began the quest for the Orb.
     0 | D:1      | Reached XP level 1. HP: 18/18 MP: 3/3
   377 | D:1      | Reached XP level 2. HP: 23/25 MP: 0/4
  1244 | D:2      | Reached XP level 3. HP: 30/30 MP: 1/5
  1798 | D:2      | Found a blossoming altar of Fedhas.
  1812 | D:2      | Noticed Terence
  1847 | D:1      | Learned a level 3 spell: Spectral Weapon
  1860 | D:2      | Killed Terence
  1860 | D:2      | Reached XP level 4. HP: 29/38 MP: 0/6
  1985 | D:2      | Noticed an oklob plant
  2469 | D:3      | Found an ancient bone altar of Kikubaaqudgha.
  2470 | D:3      | Found a radiant altar of Vehumet.
  2474 | D:3      | Found a deep blue altar of Sif Muna.
  2479 | D:3      | Identified Vehumet's Collected Works on Conjuration
  2651 | D:3      | Noticed Jessica
  2656 | D:3      | Killed Jessica
  2810 | D:3      | Reached XP level 5. HP: 46/46 MP: 7/7
  3246 | D:4      | Got a shimmering robe
  3257 | D:4      | Identified the +1 robe of the Devil's Team {-Tele +Inv Dex+3} (You found it on level 4 of the Dungeon)
  3429 | D:4      | Reached skill level 1 in Slings
  3463 | D:4      | Reached XP level 6. HP: 43/53 MP: 6/8
  3633 | D:4      | Found a stormy altar of Qazlal.
  3637 | D:4      | Became a worshipper of Qazlal Stormbringer
  3677 | D:5      | Entered Level 5 of the Dungeon
  3993 | D:5      | Reached XP level 7. HP: 55/60 MP: 9/9
  4073 | D:5      | Found an opulent altar of Gozag.
  4159 | D:5      | Killed from afar by an orc priest

Skill      XL: |  1  2  3  4  5  6 |
---------------+-------------------+-----
Charms         | 3 4 |  4.7
Fighting       | 3 4 |  4.8
Slings         | 1 4 |  4.4
Axes           | |  2.6
Armour         | |  1.1
Dodging        | |  1.5
Spellcasting   | |  1.5

Action                   |  1- 3 |  4- 6 |  7- 9 || total
-------------------------+-------+-------+-------++-------
Melee: Hand axe          |    42 |       |       ||    42
       Dagger            |    71 |   195 |    38 ||   304
 Fire: Fustibalus        |       |    91 |    32 ||   123
 Cast: Infusion          |     9 |    15 |     3 ||    27
       Spectral Weapon   |     1 |     1 |       ||     2
  Eat: Chunk             |     3 |     4 |       ||     7
       Bread ration      |       |     1 |       ||     1
Armor: Leather armour    |    50 |     6 |       ||    56
       Chain mail        |       |     9 |       ||     9
       Robe              |       |    20 |     3 ||    23
Dodge: Dodged            |    81 |    85 |    29 ||   195
